Cogmind - Beta 15 @@@ ROGUE MODE // 2025.09.07 @ 23:39:55 Player: Raisen Result: Smashed by cave-in Performance ------------- Evolutions (0) 0 Regions Visited (2) 400 Robots Destroyed (11) 55 Value Destroyed (157) 157 Prototype IDs (0) 0 Alien Tech Used (0) 0 Bonus (0) 0 TOTAL SCORE: 612 Bonus ------- None Cogmind --------- Core Integrity 0/250 Matter 209/300 Energy 100/100 System Corruption 35% Temperature Cool (0) Movement Core (50) Location -10/Mines Parts ------- > --- POWER (1) -------- (None) > --- PROPULSION (2) --- (None) > --- UTILITY (2) ------ Seismic Detector (fused) > --- WEAPON (2) ------- (None) > --- INVENTORY (5) ---- Light Ion Engine Large Storage Unit Small Laser Peak State ------------ > --- POWER ------------ Ion Engine > --- PROPULSION ------- Compact Wheel Compact Wheel > --- UTILITY ---------- Small Storage Unit Seismic Detector > --- WEAPON ----------- Medium Laser Small Laser > --- INVENTORY -------- Light Ion Engine Light Ion Engine [Rating: 7] Favorites ----------- Power Ion Engine Engine Ion Engine Propulsion Compact Wheel Wheel Compact Wheel Utility Sensor Array Device Sensor Array Storage Large Storage Unit Processor Signal Interpreter Weapon Small Laser Energy Gun Small Laser Special Weapon Mining Laser Build | -11 -10 -10 ------- Run | Yrd Mat Min Slots Evolved . | . . . Power . | . . . Propulsion . | . . . Utility . | . . . Weapon . | . . . Parts Attached 16 | 7 6 3 Power 2 | 1 1 . Engine 2 | 1 1 . Core . | . . . Reactor . | . . . Propulsion 2 | 2 . . Treads . | . . . Leg . | . . . Wheel 2 | 2 . . Hover . | . . . Flight . | . . . Utility 6 | 2 4 . Device 3 | 1 2 . Storage 2 | 1 1 . Processor 1 | . 1 . Hackware . | . . . Protection . | . . . Artifact . | . . . Weapon 6 | 2 1 3 Energy Gun 2 | 2 . . Energy Cannon . | . . . Ballistic Gun . | . . . Ballistic Cannon . | . . . Launcher . | . . . Special Weapon 4 | . 1 3 Impact Weapon . | . . . Slashing Weapon . | . . . Piercing Weapon . | . . . Special Melee Weapon . | . . . Unidentified Prototypes . | . . . Parts Lost 11 | . 4 7 Power 2 | . 1 1 Propulsion 2 | . 1 1 Utility 2 | . . 2 Weapon 5 | . 2 3 Highest Loss Streak 4 | . 4 4 To Critical Strikes . | . . . Average Backups 3 | 1 4 3 Power 1 | 1 1 1 Propulsion . | . . . Utility 1 | . 2 1 Weapon . | . . 1 Tool/Special . | . . . Unused Backups 2 | . 1 1 Power 1 | . . 1 Propulsion 1 | . 1 . Utility . | . . . Weapon . | . . . Tool/Special . | . . . Average Slot Usage (%) 84 | . 98 65 Engine 13 | . 14 13 Wheel 18 | . 27 5 Device 13 | . 14 13 Storage 5 | . 9 . Processor 5 | . 4 5 Energy Gun 16 | . 26 2 Special Weapon 10 | . . 24 Peak Build Rating 7 | 7 7 6 Average Rating 5 | 5 6 4 On Entrance 4 | . 7 5 Naked Turns . | . . . Heaviest Build 29 | 14 29 6 Greatest Support 32 | 32 32 16 Greatest Overweight (x) 1 | . . 1 Average Overweight (x) . | . . . Largest Inventory Capacity 15 | 8 15 5 Average Capacity 8 | 7 11 5 Most Carried 6 | 3 6 5 Average Carried 3 | 1 4 3 Final Capacity 8 | 8 5 5 Final Carried 5 | 2 5 3 Class Distribution -------------------- 100% | Mutant Dominant Class ---------------- Mutant | -10/Materials Mutant | -10/Mines Resources | -11 -10 -10 ----------- Run | Yrd Mat Min Matter Collected 312 | 270 30 12 Remotely . | . . . Salvage Created 178 | 126 40 12 Parts 21 | 11 4 6 Haulers Intercepted . | . . . Recyclers Shooed 3 | 1 2 . Parts Field Recycled . | . . . Retrieved Matter . | . . . Parts Self-Destructed . | . . . Prevented . | . . . Kills | -11 -10 -10 ------- Run | Yrd Mat Min Combat Hostiles Destroyed 5 | . 3 2 Guns 4 | . 3 1 Cannons 1 | . . 1 Classes Destroyed 4 | 2 1 1 Builder 2 | . . 2 Tunneler 3 | 3 . . Recycler 1 | 1 . . Swarmer 5 | . 3 2 Best Kill Streak 3 | 3 3 2 Combat Bots Only 3 | . 3 2 Max Kills in Single Turn 1 | 1 1 1 Gunslinging . | . . . Exploded . | . . . Melee . | . . . Uniques/NPCs Destroyed . | . . . Combat | -11 -10 -10 -------- Run | Yrd Mat Min Hostile Shots Fired 21 | . 9 12 Missed 2 | . 2 . Hits 19 | . 7 12 Projectile 19 | . 7 12 Damage Taken 1006 | . 420 586 Core 259 | . 58 201 Absorbed by Shields . | . . . Core Remaining (%) 100 | 100 . . Volleys Fired 107 | 7 13 87 Largest 2 | 2 2 2 Hottest 200 | 90 100 200 Shots Fired 144 | 14 23 107 Gun 39 | 14 20 5 Cannon . | . . . Launcher . | . . . Special 105 | . 3 102 Kinetic . | . . . Thermal 144 | 14 23 107 Explosive . | . . . Electromagnetic . | . . . Robot Hit Streak 5 | 5 3 2 Robot Miss Streak 3 | 1 3 3 Penetration Max . | . . . Secondary Targets . | . . . Shots Hit Robots 27 | 10 10 7 Core Hits 14 | 5 4 5 Critical Kills . | . . . Critical Parts Destroyed . | . . . Critical Strikes 1 | 1 . . Burn 1 | 1 . . Melee Attacks . | . . . Impact . | . . . Slashing . | . . . Piercing . | . . . Sneak Attacks . | . . . Combat Hostiles . | . . . Follow-up Attacks . | . . . Damage Inflicted 359 | 121 116 122 Guns 260 | 121 116 23 Cannons . | . . . Explosions . | . . . Melee . | . . . Ramming . | . . . Kinetic . | . . . Thermal 359 | 121 116 122 Explosive . | . . . Electromagnetic . | . . . Impact . | . . . Slashing . | . . . Piercing . | . . . Highest Corruption 35 | . 13 35 Average Corruption 19 | . 13 19 Corruption Purged . | . . . Corruption Blocked . | . . . Effects 36 | . 4 32 Message Errors 14 | . 3 11 Matter Fused 10 | . . 10 Heat Flow Errors 4 | . . 4 Energy Discharges 3 | . . 3 Parts Fused 1 | . . 1 Data Loss (minor) 3 | . 1 2 Data Loss (major) 1 | . . 1 Overload Shots . | . . . Overflow Damage . | . . . Projectiles . | . . . Explosions . | . . . Melee . | . . . Knockbacks . | . . . Impact . | . . . Kinetic . | . . . Secondary . | . . . Self-Inflicted Damage . | . . . Shots . | . . . Rammed . | . . . Targets Rammed . | . . . Kicked . | . . . Crushed . | . . . Highest Temperature 275 | 90 180 275 Average Temperature 93 | 43 55 100 Received Heat Transfer . | . . . Effects 3 | . . 3 Interference 3 | . . 3 Siege Activations . | . . . Martial Activations . | . . . Shielding Activations . | . . . Robots Disrupted . | . . . Combat Hostiles . | . . . Robots Corrupted . | . . . Combat Hostiles . | . . . Parts Fried . | . . . Impact Corruptions . | . . . Robots Melted . | . . . Combat Hostiles . | . . . Parts Melted 4 | 3 1 . Heat Transferred 981 | 396 310 275 Parts Sabotaged . | . . . Parts Stolen . | . . . Parts Stripped . | . . . Power Chain Reactions . | . . . Alert | -11 -10 -10 ------- Run | Yrd Mat Min Maximum Alert Level . | . . . Low Security (%) 100 | 100 100 100 Level 1 . | . . . Level 2 . | . . . Level 3 . | . . . Level 4 . | . . . Level 5 . | . . . High Security . | . . . Max Security . | . . . Peak Influence 75 | 15 75 58 Initial . | . . . Average 10 | 2 6 16 Influence Increases 309 | 20 92 197 Destroy 0b10 Robot/C 100 | . 60 40 Destroy 0b10 Robot/NC 30 | 20 . 10 Destroy Leader 20 | . 10 10 Successful Hack 5 | . 5 . Disable Machine 105 | . . 105 Destroy Structure 19 | . 2 17 Lose Combat Pursuer 30 | . 15 15 Influence Decreases 309 | 20 92 197 Time Decay 306 | 20 90 196 Lost Part 3 | . 2 1 Squads Dispatched . | . . . Investigation . | . . . Extermination . | . . . Reinforcement . | . . . Assault . | . . . Garrison . | . . . Intercept . | . . . Searches Triggered . | . . . Construction Impeded . | . . . Haulers Reinforced . | . . . Active Scanning Responses . | . . . Cargo Convoy Interrupts . | . . . Stealth | -11 -10 -10 --------- Run | Yrd Mat Min Distress Signals . | . . . Communications Jammed . | . . . Distress Signals . | . . . Times Spotted 6 | . 4 2 Peak Tracking Total 3 | . 3 3 Tactical Retreats 2 | . 1 1 Traps | -11 -10 -10 ------- Run | Yrd Mat Min Traps Triggered . | . . . Indirectly . | . . . Trap Hack Attempts . | . . . Triggered . | . . . Disarmed . | . . . Reprogrammed . | . . . Reused . | . . . Traps Extracted . | . . . Installed . | . . . Triggered . | . . . Machines | -11 -10 -10 ---------- Run | Yrd Mat Min Machines Disabled 7 | . . 7 Max in Single Turn 1 | . . 1 Machines Repaired . | . . . Machines Dismantled . | . . . Machines Sabotaged . | . . . Overloaded Fab Kills . | . . . Hacking | -11 -10 -10 --------- Run | Yrd Mat Min Machines Accessed 1 | . 1 . Terminals 1 | . 1 . Fabricators . | . . . Repair Stations . | . . . Recycling Units . | . . . Scanalyzers . | . . . Garrison Access . | . . . Total Hacks 2 | . 2 . Successful 1 | . 1 . Failed 1 | . 1 . Catastrophic . | . . . Database Lockouts . | . . . Manual . | . . . Terminals 2 | . 2 . Fabricators . | . . . Repair Stations . | . . . Recycling Units . | . . . Scanalyzers . | . . . Garrison Access . | . . . Terminal Hacks 1 | . 1 . Zone Layout 1 | . 1 . Fabricator Hacks . | . . . Repair Station Hacks . | . . . Recycling Unit Hacks . | . . . Scanalyzer . | . . . Garrison Access Hacks . | . . . Unauthorized Hacks . | . . . Terminals . | . . . Fabricators . | . . . Repair Stations . | . . . Recycling Units . | . . . Scanalyzers . | . . . Garrison Access . | . . . Data Cores Recovered . | . . . Used . | . . . Hacking Detections 1 | . 1 . Full Trace Events . | . . . Feedback Events . | . . . Feedback Blocked . | . . . Robot Schematics Acquired . | . . . Robots Built . | . . . Authchips . | . . . Time . | . . . Total Robot Build Rating . | . . . Part Schematics Acquired . | . . . Parts Built . | . . . Authchips . | . . . Time . | . . . Total Part Build Rating . | . . . Parts Repaired . | . . . Time . | . . . Parts Recycled . | . . . Recycled Matter . | . . . Retrieved Matter . | . . . Retrieved Components . | . . . Parts Scanalyzed . | . . . Part Schematics Acquired . | . . . Parts Damaged . | . . . Bothacking | -11 -10 -10 ------------ Run | Yrd Mat Min Used RIF Installer . | . . . Robots Hacked . | . . . Non-combat . | . . . Combat . | . . . Robot Hacks Applied . | . . . Relay Couplers Released . | . . . Fabnet Peak Effective % . | . . . Robots Rewired . | . . . Allies Hacked . | . . . Hacks Repelled . | . . . Allies | -11 -10 -10 -------- Run | Yrd Mat Min Total Allies . | . . . Largest Group . | . . . Highest-Rated Group . | . . . Highest-Rated Ally . | . . . Total Orders . | . . . Ally Attacks . | . . . Total Damage . | . . . Kills . | . . . Allies Corrupted . | . . . Allies Melted . | . . . Intel | -11 -10 -10 ------- Run | Yrd Mat Min Active Infowar (turns) 1470 | 8 977 485 Sensors 1218 | . 942 276 Seismic 252 | 8 35 209 Robot Analysis Total . | . . . Derelict Logs Recovered 1 | . . 1 Drone Launches . | . . . Drone Recoveries . | . . . Exploration | -11 -10 -10 ------------- Run | Yrd Mat Min Turns Passed 1796 | 133 977 686 Spaces Moved 660 | 100 374 186 Core 116 | 4 . 112 Treads . | . . . Legs . | . . . Wheels 544 | 96 374 74 Hover . | . . . Flight . | . . . Fastest Speed 50 | 50 100 100 Average Speed 99 | 98 100 100 Slowest Speed 100 | 100 100 100 Overloaded Moves . | . . . Propulsion Burnouts . | . . . Robots Hopped . | . . . Potential Cave-ins 14 | . . 14 Cave-ins Triggered 4 | . 1 3 Exploration Rate (%) 27 | 5 34 42 Regions Visited 2 Branch Regions 1 Pre-discovered Areas . | . . . Known Exits Taken 1 | . 1 . Unknown Exits Taken 1 | 1 . . Scrap Searched . | . . . Spaces Dug 32 | . 3 29 Terrain Destroyed 46 | . 3 43 Melee . | . . . Projectile 46 | . 3 43 AOE . | . . . Terrain Rammed . | . . . Walls Destroyed . | . . . Machines Disabled . | . . . Actions | -11 -10 -10 --------- Run | Yrd Mat Min Total 1469 | 120 947 402 Wait 668 | . 545 123 Move 658 | 99 373 186 Hop . | . . . Pick Up 14 | 7 6 1 Fast Attach 2 | 2 . . Attach 10 | 5 2 3 Detach . | . . . Swap 7 | . 5 2 Drop 3 | . 3 . Fire 107 | 7 13 87 Melee . | . . . Ram . | . . . Kick . | . . . Crush . | . . . Escape Stasis . | . . . Rewire . | . . . Trap . | . . . Miscellaneous . | . . . Route ------- -11/Scrapyard -10/Materials -10/Mines History --------- Turn | Location | Event 6 | -11/Scrapyard | Discovered new exit (range 16) 134 | -11/Scrapyard | Entered Materials 300 | -10/Materials | Build established: Mutant 788 | -10/Materials | Discovered new exit (range 12) 800 | -10/Materials | Identified exit to Mines 1050 | -10/Materials | Crushed by falling debris 1050 | -10/Materials | System corruption reached 10% 1081 | -10/Materials | Lost 4 parts (1p1n2w) 1111 | -10/Materials | Entered Mines 1148 | -10/Mines | Met a Derelict bent on vengeance 1387 | -10/Mines | Crushed by falling debris 1387 | -10/Mines | Core integrity fell below 50% 1418 | -10/Mines | Lost 4 parts (1n2u1w) 1779 | -10/Mines | Crushed by falling debris 1779 | -10/Mines | System corruption reached 30% 1798 | -10/Mines | Crushed by falling debris 1798 | -10/Mines | Smashed by cave-in Last Messages --------------- 01682_ Overheating: System interference. 01682_ Mining Laser temporarily disabled. 01691_ P1LWV5Q0RKS 01710_ >MVKAJB&W% TWNIT BSV&VDGZQZSKTV: 3ZSF 01731_ F58M0QKVO MNYQTP